 Dungeon Crawl Stone Soup version 0.21-a0-633-g4c047d5 (webtiles) character file.

91 shenanigans the Skirmisher (level 4, -1/35 HPs)
             Began as a Barachi Skald on Dec 28, 2017.
             Slain by an orc
             ... wielding a +0 flail
              (3 damage)
             ... on level 3 of the Dungeon.
             The game lasted 00:04:24 (2157 turns).

shenanigans the Skirmisher (Barachi Skald)          Turns: 2157, Time: 00:04:25

Health: -1/35      AC:  7    Str: 12    XL:     4   Next: 59%
Magic:  7/7        EV: 11    Int: 15    God:
Gold:   167        SH:  0    Dex: 11    Spells: 6/7 levels left

rFire    . . .     SeeInvis .   a - +1 broad axe (chop)
rCold    . . .     Gourm    .   (no shield)
rNeg     . . .     Faith    .   h - +0 ring mail
rPois    .         Spirit   .   f - +0 helmet
rElec    .         Reflect  .   (no cloak)
rCorr    .         Harm     .   n - +0 pair of gloves
MR       .....                  (no boots)
Stlth    +.........             (no amulet)
HPRegen  0.11/turn              (no ring)
MPRegen  0.10/turn              (no ring)

@: about to teleport, can't hop, slow
A: +LOS, swims, slowness 1, strong legs 1
a: Hop


You were on level 3 of the Dungeon.
You were not hungry.

You visited 1 branch of the dungeon, and saw 3 of its levels.

You collected 167 gold pieces.

Inventory:

Hand Weapons
 a - a +1 broad axe of chopping (weapon)
Missiles
 l - 4 tomahawks (quivered)
Armour
 b - a +0 leather armour
 f - a +0 helmet (worn)
 h - a +0 ring mail (worn)
 n - a +0 pair of gloves (worn)
Scrolls
 g - a scroll of noise {unknown}
 m - a scroll of teleportation
Potions
 e - a potion of lignification {unknown}
 i - a potion of might {unknown}
 j - 2 potions of haste {unknown}
 k - a potion of agility {unknown}
 o - a potion of berserk rage {unknown}
Books
 c - a book of Battle

   Spells                             Type                      Level
   a - Infusion                       Charms                       1
   b - Shroud of Golubria             Charms/Translocation         2
   c - Song of Slaying                Charms                       2
   d - Spectral Weapon                Hexes/Charms                 3
   e - Regeneration                   Charms/Necromancy            3
Comestibles
 d - 4 rations


   Skills:
 + Level 3.4 Fighting
 + Level 3.2 Axes
 + Level 2.6 Armour
 + Level 3.1 Dodging
 - Level 2.1 Spellcasting
 - Level 3.2 Charms


You had 6 spell levels left.
You knew the following spells:

 Your Spells              Type           Power        Failure   Level  Hunger
a - Infusion              Chrm           ##..         12%         1    #......


Dungeon Overview and Level Annotations

Branches:
Dungeon (3/15)

Altars:


Innate Abilities, Weirdness & Mutations

Shadows flee at your approach. (+LOS)
You can swim through water.
You cover ground slowly.
You can hop short distances.


Message History

Your ring mail prevents you from hitting the orc.
The orc is almost dead.
The orc hits you but does no damage.
You closely miss the orc.
The orc is almost dead.
The orc priest invokes the aid of Beogh against you.
Beogh smites you!
* * * LOW HITPOINT WARNING * * *
The orc barely misses you.
The orc priest begins to cast a cantrip, but forgets the words!
Hop to where?
Press: ? - help, Dir - move target cursor Boing!
Okay, then.
The orc priest looks satisfied for a moment.
The orc barely misses you.
As you read the scroll labeled MISOTR DOHYX, it crumbles to dust.
You feel strangely unstable.
It was a scroll of teleportation.
The orc hits you with a flail.
You die...

..# ... ##.### ...< .
#.########.# ..
#...<......# .=.
#.#######..#####.#
#...
#.#..............#
....o
#K.5.@o.....######
........)...#.#K....#
.......########.....#
......hho.ooK.......#
......h#########....#
...... #)...# .....
#....# .... ######
...


You could see a crimson imp, an orc and 2 kobolds.

Vanquished Creatures
  5 adders (D:2)
  An ooze (D:2)
  2 dart slugs (D:1)
  An orc (D:3)
  8 bats
  3 giant cockroaches (D:1)
  4 goblins
  5 hobgoblins
  3 frilled lizards
  3 kobolds
  4 rats
39 creatures vanquished.

Notes
Turn   | Place    | Note
-------+----------+-------------------------------------------
     0 | D:1      | shenanigans the Barachi Skald began the quest for the Orb.
     0 | D:1      | Reached XP level 1. HP: 17/17 MP: 3/3
   105 | D:1      | Reached XP level 2. HP: 21/23 MP: 5/5
   764 | D:1      | Reached XP level 3. HP: 28/28 MP: 6/6
  1217 | D:2      | Reached XP level 4. HP: 31/35 MP: 2/7
  2150 | D:3      | HP: 1/35 [orc priest/divine providence (13)]
  2157 | D:3      | Slain by an orc

Vault maps used:
D:1:      dpeg_arrival_shrine, corexii_corridor_pit
D:3:      old_standard_altar

Skill      XL: |  1  2  3  4 |
---------------+-------------+-----
Armour         | 2 |  2.6
Fighting       | 3 |  3.4
Axes           | 3 |  3.2
Dodging        | 3 |  3.1
Spellcasting   | |  2.1
Charms         | |  3.2

Action                   |  1- 3 |  4- 6 || total
-------------------------+-------+-------++-------
Melee: Hand axe          |   117 |    43 ||   160
       Broad axe         |       |    18 ||    18
 Cast: Infusion          |     2 |     1 ||     3
 Abil: Hop               |       |     1 ||     1
  Use: Potion            |     2 |       ||     2
       Scroll            |       |     1 ||     1
  Eat: Chunk             |     1 |     1 ||     2
       Ration            |       |     1 ||     1
Armor: Leather armour    |    17 |       ||    17
       Ring mail         |    61 |    25 ||    86
Dodge: Dodged            |    95 |    36 ||   131

Table legend:
 A = Spawn XP
 B = Non-spawn XP
 C = Spawn XP percentage of total XP
 D = Spawn monster count
 E = Non-spawn monster count
 F = Spawn count percentage of total count
 G = Total turns spent on level
                    A         B        C        D         E        F      G
               +---------+---------+-------+---------+---------+-------+---------
         Total |       0 |     131 |   0.0 |       0 |      39 |   0.0 |  2157
               +---------+---------+-------+---------+---------+-------+---------
           D:1 |       0 |      40 |   0.0 |       0 |      24 |   0.0 |   978
           D:2 |       0 |      86 |   0.0 |       0 |      13 |   0.0 |  1113
           D:3 |       0 |       5 |   0.0 |       0 |       2 |   0.0 |    66
               +---------+---------+-------+---------+---------+-------+---------
